 Dungeon Crawl Stone Soup version 0.27-a0-1136-g0b992a5a9d (webtiles) character file.

Game seed: 2872237284723150990

1692 Zeld the Skirmisher (level 9, 0/62 HPs)
             Began as an Octopode Fighter on May 4, 2021.
             Was a Believer of Okawaru.
             Slain by a scorpion (7 damage)
             ... on level 5 of the Dungeon.
             The game lasted 00:08:41 (8925 turns).

Zeld the Skirmisher (Octopode Fighter)              Turns: 8925, Time: 00:08:41

Health: 0/62       AC:  1    Str: 17 (18) XL:     9   Next: 2%
Magic:  9/9        EV: 11    Int:  8 (11) God:    Okawaru [**....]
Gold:   333        SH: 14    Dex:  8 (11) Spells: 8/8 levels left

rFire    . . .     SeeInvis .   a - +0 war axe
rCold    + . .     Faith    .   b - +0 kite shield
rNeg     . . .     Spirit   .   (helmet restricted)
rPois    .         Reflect  +   t - amulet of reflection
rElec    .         Harm     .   c - ring of protection from cold
rCorr    .         Rampage  .   n - ring of wizardry
Will     .....                  (no ring)
Stlth    ++........             (no ring)
HPRegen  0.20/turn              (no ring)
MPRegen  0.11/turn              (no ring)
                                (no ring)
                                (no ring)

@: flying (expiring)
A: almost no armour, amphibious, 8 rings, camouflage 1, gelatinous body 1,
(nimble swimmer 1), tentacles
a: Renounce Religion, Heroism


You were on level 5 of the Dungeon.
You worshipped Okawaru.
Okawaru was pleased with you.
You visited 2 branches of the dungeon, and saw 7 of its levels.

You collected 333 gold pieces.

Inventory:

Hand Weapons
 a - a +0 war axe (weapon)
Missiles
 r - 22 poisoned darts (quivered)
Armour
 b - a +0 kite shield (worn)
Jewellery
 c - a ring of protection from cold (left tentacle)
 n - a ring of wizardry (right tentacle)
 t - an amulet of reflection (around mantle)
Scrolls
 e - 3 scrolls of teleportation {unknown}
 f - 2 scrolls of blinking {unknown}
 h - a scroll of noise {unknown}
 i - 4 scrolls of identify {unknown}
 j - a scroll of brand weapon {unknown}
 k - 2 scrolls of immolation {unknown}
 m - 3 scrolls of acquirement {unknown}
 o - a scroll of enchant weapon {unknown}
 s - a scroll of enchant armour {unknown}
 u - a scroll of fear {unknown}
Potions
 g - a potion of flight
 p - a potion of berserk rage {unknown}
 q - a potion of haste {unknown}


   Skills:
 * Level 6.1 Fighting
 * Level 5.6 Axes
 - Level 6.0 Throwing
 - Level 3.0 Dodging
 * Level 6.1 Shields


You had 8 spell levels left.
You didn't know any spells.
Your spell library contained the following spells:

 Spells                   Type           Power      Damage    Failure   Level
 Corona                   Hex            0%         N/A       45%         1
 Foxfire                  Conj/Fire      0%         2x1d4     45%         1
 Magic Dart               Conj           0%         1d3       45%         1
 Blink                    Tloc           N/A        N/A       58%         2
 Call Imp                 Summ           0%         N/A       58%         2
 Ensorcelled Hibernation  Hex/Ice        0%         N/A       58%         2
 Slow                     Hex            0%         N/A       58%         2
 Confusing Touch          Hex            0%         N/A       82%         3
 Conjure Flame            Conj/Fire      0%         6-21      82%         3
 Dazzling Flash           Conj/Hex       0%         N/A       82%         3
 Gell's Gravitas          Tloc           0%         N/A       82%         3
 Inner Flame              Hex/Fire       0%         N/A       82%         3
 Mephitic Cloud           Conj/Pois/Air  0%         N/A       82%         3
 Tukima's Dance           Hex            0%         N/A       82%         3
 Petrify                  Tmut/Erth      0%         N/A       99%         4
 Sticky Flame             Conj/Fire      0%         2d3       99%         4
 Fireball                 Conj/Fire      0%         3d3       100%        5
 Metabolic Englaciation   Hex/Ice        0%         N/A       100%        5
 Yara's Violent Unravell  Hex/Tmut       0%         3d3       100%        5


Dungeon Overview and Level Annotations

Branches:
Dungeon (6/15)             Temple (1/1) D:4

Altars:
Ashenzari
Cheibriados
Elyvilon
Fedhas
Gozag
Kikubaaqudgha
Makhleb
Nemelex Xobeh
Okawaru
Qazlal
Ru
Sif Muna
Trog
Uskayaw
Vehumet
Wu Jian
Yredelemnul
Zin
The Shining One


Innate Abilities, Weirdness & Mutations

You cannot wear most types of armour.
You are amphibious.
You can wear up to eight rings at the same time.
Your skin changes colour to match your surroundings (Stealth+).
Your rubbery body absorbs attacks. (AC +1, EV +1)
((You are camouflaged near water. (Stealth+)))
You have tentacles for arms and can constrict up to eight enemies at once.


Message History

The sky beast flickers out of sight!
Deactivating autopickup; reactivate with Ctrl-A.
The scorpion stings you.
* * * LOW HITPOINT WARNING * * *
* * * LOW HITPOINT WARNING * * *
You feel sick.
A sky beast appears from thin air!
Reactivating autopickup.
* * * LOW HITPOINT WARNING * * *
You feel sick.
You feel sick.
You feel sick. The sky beast misses you.
You feel sick. You block the scorpion's attack.
You feel sick.
You feel sick.
You feel sick.
You are no longer poisoned.
The sky beast flickers out of sight!
Deactivating autopickup; reactivate with Ctrl-A.
You block the scorpion's attack.
Found a stone staircase leading down.
A sky beast appears from thin air!
Reactivating autopickup.
You block the scorpion's attack. You block the scorpion's attack.
The sky beast flickers out of sight!
Deactivating autopickup; reactivate with Ctrl-A.
A sky beast appears from thin air!
Reactivating autopickup.
You block the scorpion's attack.
There is a stone staircase leading up, spattered with blood here.
The scorpion closely misses you.
You fly upwards.
There is a stone staircase leading down here.
You block the scorpion's attack.
Okay, then.
You hit the scorpion. You grab the scorpion.
The scorpion is moderately wounded.
You are starting to lose your buoyancy.
You constrict the scorpion. The scorpion stings you!
You die...

.##............#.# #.#
.##............#.##### #.#
.'.............'.....# #.#
.#.............#.##### #.#
.#.............#.....# #.#
##.............+..##.# #.#
#.............#..##.# #.#
##.............#..##.# #.#
...............#@.##.# #.#
##.##'##.......#s.##.# #.#
##.##..#########..##.# #.#
......)........)>....# #.#
##.###.####.####..##.# #.#
#.###.####.####..##.#####.#
##........#.^.......(......#
....##'##...#.###.#######..###
...##≈.≈##...................#


You could see a scorpion.

Vanquished Creatures
  Sigmund (D:3)
  A water moccasin (D:6)
  A black bear (D:5)
  A sky beast (D:4)
  A necrophage (D:5)
  An ogre (D:5)
  2 phantoms
  3 scorpions
  A water moccasin zombie (D:5)
  3 centaur zombies
  4 hounds
  A jelly (D:6)
  2 bullfrog skeletons
  An iguana (D:5)
  3 orc wizards (D:6)
  2 killer bee zombies (D:6)
  A hound zombie (D:5)
  7 gnolls
  6 adders
  An adder zombie (D:5)
  2 worms
  11 orcs
  7 ball pythons
  7 bats
  6 endoplasms
  3 giant cockroaches (D:2)
  3 goblins
  2 hobgoblins
  14 jackals
  6 kobolds
  4 quokkas
  3 frilled lizards
  7 rats
118 creatures vanquished.

Notes
Turn   | Place    | Note
-------+----------+-------------------------------------------
     0 | D:1      | Zeld the Octopode Fighter began the quest for the Orb.
     0 | D:1      | Reached XP level 1. HP: 16/16 MP: 1/1
    23 | D:1      | Found a faded altar of an unknown god.
   358 | D:1      | Reached XP level 2. HP: 21/21 MP: 2/2
   902 | D:2      | You fall into a shaft and drop 2 floors!
   913 | D:4      | Reached XP level 3. HP: 16/26 MP: 3/3
   918 | D:4      | Noticed a sky beast
  1021 | D:4      | Killed a sky beast
  1022 | D:4      | Reached XP level 4. HP: 17/33 MP: 4/4
  1022 | D:4      | Reached XP level 5. HP: 19/37 MP: 5/5
  3193 | D:3      | Reached XP level 6. HP: 6/44 MP: 6/6
  3630 | D:3      | Noticed Sigmund
  3640 | D:3      | Killed Sigmund
  3641 | D:3      | Reached skill level 5 in Fighting
  3641 | D:3      | Reached skill level 5 in Shields
  3969 | D:3      | Reached XP level 7. HP: 50/50 MP: 7/7
  4470 | D:4      | Found a staircase to the Ecumenical Temple.
  4482 | Temple   | Entered the Ecumenical Temple
  4505 | Temple   | Became a worshipper of Warmaster Okawaru
  5237 | D:4      | Found a basalt altar of Yredelemnul.
  5356 | D:5      | Entered Level 5 of the Dungeon
  5426 | D:5      | Reached skill level 5 in Axes
  5621 | D:5      | Reached * piety under Okawaru
  5686 | D:5      | Reached XP level 8. HP: 47/57 MP: 8/8
  5782 | D:5      | Reached skill level 1 in Throwing
  6413 | D:5      | Found a glowing silver altar of Zin.
  6827 | D:5      | Found a sacrificial altar of Ru.
  6827 | D:5      | Found a broken altar of Ashenzari.
  6827 | D:5      | Found a white marble altar of Elyvilon.
  7176 | D:6      | Reached skill level 5 in Throwing
  7201 | D:6      | Reached ** piety under Okawaru
  7673 | D:6      | HP: 2/57 [hound (5)]
  8783 | D:6      | Reached XP level 9. HP: 50/62 MP: 9/9
  8862 | D:6      | Found a hide-covered altar of Uskayaw.
  8900 | D:6      | HP: 3/62 [poisoned by a scorpion]
  8925 | D:5      | Slain by a scorpion

Illustrated notes

Levels and vault maps discovered:
D:1:      minmay_arrival_checkered_box, layout_basic,
          hellmonk_ecumenical_altar_heavens_door
D:2:      layout_basic
D:3:      layout_rooms, uniq_sigmund
D:4:      layout_basic, general_overflow_altar, minmay_temple_entry_offerings,
          chequers_serial_rivers_micro_e
D:5:      layout_basic, gammafunk_temple_overflow_claw, lemuel_doored_altar
D:6:      layout_rooms, eat_drink_and_be_merry_uskayaw,
          chequers_serial_rivers_marsh, chequers_serial_rivers_micro_a,
          minivault_22, solitary_fountain
Temple:   cyrus_circular_temple

Skill      XL: |  1  2  3  4  5  6  7  8 |
---------------+-------------------------+-----
Fighting       | 4 5 6 |  6.1
Axes           | 3 4 5 |  5.6
Shields        | 4 5 6 |  6.1
Throwing       | 6 |  6.0
Dodging        | |  3.0

Action                   |  1- 3 |  4- 6 |  7- 9 || total
-------------------------+-------+-------+-------++-------
Melee: War axe           |    34 |    78 |   167 ||   279
       Constrict         |     9 |    23 |    29 ||    61
       Tentacles         |     4 |    15 |    33 ||    52
Throw: Dart              |       |       |     4 ||     4
  Use: Potion            |     1 |     1 |     4 ||     6
 Stab: Sleeping          |     3 |     6 |     8 ||    17
Armor: Skin              |     9 |     8 |     3 ||    20
Dodge: Dodged            |    14 |    43 |    75 ||   132
Block: Kite shield       |    18 |    33 |   142 ||   193
       Reflection        |       |       |     2 ||     2

Table legend: (Time is in decaauts)
 A = Elapsed time spent in this place.
 B = Non-inter-level travel time spent in this place.
 C = Inter-level travel time spent in this place.
 D = Time resting spent in this place.
 E = Time spent auto-exploring this place.
 F = Levels seen in this place.
 G = Mean time per level.
                   A        B        C        D        E       F      G
               +--------+--------+--------+--------+--------+-----+--------+
         Total |   9067 |   8891 |    176 |   2595 |   5046 |   7 | 1295.3 |
       Dungeon |   9002 |   8838 |    164 |   2595 |   5012 |   6 | 1500.3 |
        Temple |     65 |     53 |     12 |      0 |     34 |   1 |   65.0 |
               +--------+--------+--------+--------+--------+-----+--------+

Top non-repeatable levels by time:
     D:5: 2861 daAuts
     D:1: 1530 daAuts
     D:4: 1388 daAuts
     D:3: 1273 daAuts
     D:2: 1182 daAuts
     D:6: 765 daAuts
  Temple: 65 daAuts
